 Seeded DCSS version 0.29.1-15-g9cfb28693d (webtiles) character file.

Game seed: 14132077322704555735 (custom seed)

415 Gelion the Conjurer (level 6, -1/35 HPs)
             Began as a Deep Elf Conjurer on Mar 28, 2023.
             Slain by Edmund
             ... wielding a +2 dire flail of protection
              (14 damage)
             ... on level 4 of the Dungeon.
             The game lasted 00:07:19 (3632 turns).

Gelion the Conjurer (Deep Elf Conjurer)             Turns: 3632, Time: 00:07:20

Health: -1/35      AC:  4    Str:  4    XL:     6   Next: 60%
Magic:  3/15       EV: 13    Int: 25    God:
Gold:   151        SH:  0    Dex: 13    Spells: 7/14 levels left

rFire   . . .      SeeInvis .   t - +1 quarterstaff (vorpal)
rCold   . . .      Faith    .   (shield currently unavailable)
rNeg    . . .      Spirit   .   a - +0 robe
rPois   .          Reflect  .   (no helmet)
rElec   .          Harm     .   g - +0 cloak
rCorr   .          Rampage  .   (no gloves)
Will    .....                   c - +0 pair of boots
Stlth   ++........              (no amulet)
HPRegen 0.11/turn               (no ring)
MPRegen 0.14/turn               (no ring)

@: no status effects
A: no striking features
a: no special abilities


You were on level 4 of the Dungeon.
You visited 1 branch of the dungeon, and saw 4 of its levels.

You collected 151 gold pieces.

Inventory:

Hand Weapons
 t - a +1 vorpal quarterstaff (weapon)
Armour
 a - a +0 robe (worn)
 c - a +0 pair of boots (worn)
 g - a +0 cloak (worn)
Wands
 k - a wand of light (11)
Scrolls
 d - a scroll of blinking {unknown}
 i - a scroll of summoning {unknown}
 j - 5 scrolls of identify {unknown}
 l - a scroll of poison {unknown}
 n - a scroll of vulnerability {unknown}
 o - a scroll of fear {unknown}
 p - a scroll of magic mapping {unknown}
 q - a scroll of fog {unknown}
 u - 2 scrolls of teleportation {unknown}
Potions
 b - a potion of magic
 e - a potion of degeneration {unknown}
 f - a potion of resistance {unknown}
 h - 3 potions of curing {unknown}
 m - 2 potions of lignification {unknown}
 r - a potion of brilliance {unknown}
 s - a potion of flight {unknown}


   Skills:
 + Level 2.1 Fighting
 + Level 3.9 Dodging
 + Level 4.0 Stealth
 + Level 4.7 Spellcasting
 * Level 6.1 Conjurations
 + Level 1.2 Fire Magic


You had 7 spell levels left.
You knew the following spells:

 Your Spells              Type           Power      Damage    Failure   Level
a - Magic Dart            Conj           100%       1d8       1%          1
b - Searing Ray           Conj           72%        2d7       1%          2
c - Iskenderun's Mystic   Conj/Tloc      21%        2d6       24%         4

Your spell library contained the following spells:

 Spells                   Type           Power      Damage    Failure   Level
 Dazzling Flash           Conj/Hex       42%        N/A       7%          3
 Fulminant Prism          Conj/Hex       10%        3d9       24%         4
 Portal Projectile        Hex/Tloc       10%        N/A       26%         3
 Tukima's Dance           Hex            5%         N/A       26%         3
 Fireball                 Conj/Fire      12%        3d7       45%         5
 Blade Hands              Tmut           2%         N/A       93%         5
 Starburst                Conj/Fire      12%        6d5       96%         6
 Ignition                 Fire           6%         3d4       100%        8


Dungeon Overview and Level Annotations

Branches:
Dungeon (4/15)
 Temple: D:4-7

Altars:

Shops:
D:3 (

Annotations:
D:4 Edmund


Message History

Press: ? - help, Shift-Dir - straight line, f/p - Edmund
Aim: Edmund, wielding a +2 dire flail of protection and wearing a +0 chain mail (lightly wounded, 100% to hit)
The magic dart hits Edmund.
Edmund is lightly wounded.
Casting: Magic Dart (safe; 1% risk of failure)
Confirm with . or Enter, or press ? or * to list all spells.
Aiming: Searing Ray (safe; 1% risk of failure)
Press: ? - help, Shift-Dir - straight line, f/p - Edmund
Aim: Edmund, wielding a +2 dire flail of protection and wearing a +0 chain mail (lightly wounded, 86% to hit)
The searing ray hits Edmund.
Edmund is moderately wounded. (Press . to maintain the ray.)
The searing ray hits Edmund.
Edmund is moderately wounded.
The searing ray hits Edmund but does no damage.
Edmund is moderately wounded.
The searing ray hits Edmund but does no damage.
Edmund is moderately wounded.
You finish channelling your searing ray.
Edmund closely misses you.
Casting: Searing Ray (safe; 1% risk of failure)
Confirm with . or Enter, or press ? or * to list all spells.
Aiming: Searing Ray (safe; 1% risk of failure)
Press: ? - help, Shift-Dir - straight line, f/p - Edmund
Aim: Edmund, wielding a +2 dire flail of protection and wearing a +0 chain mail (moderately wounded, 86% to hit)
The searing ray hits Edmund but does no damage.
Edmund is moderately wounded. (Press . to maintain the ray.) Edmund hits you with a +2 dire flail of protection!
The searing ray hits Edmund!
Edmund is heavily wounded.
Edmund hits you with a +2 dire flail of protection!
The searing ray hits Edmund but does no damage.
Edmund is heavily wounded.
Edmund misses you.
The searing ray hits Edmund but does no damage.
Edmund is heavily wounded.
You finish channelling your searing ray.
Edmund hits you with a +2 dire flail of protection!
You die...

#### ####...
############# ##......
#...........## #.......
.............## ##......
..............# #......
..............## #......
......@@.......####[....
................# #.....
................####....
.................# ##...
.................## #...
................).# ##..
..................# ##.
..................## #.
............# ##


You could see Edmund.

Vanquished Creatures
  A black bear (D:4)
  A necrophage (D:4)
  Natasha (thrice) (D:2)
  Robin (D:4)
  A gnoll (D:1)
  8 adders
  5 dart slugs
  An orc (D:3)
  10 ball pythons
  2 bats
  7 endoplasms
  5 giant cockroaches
  11 hobgoblins
  7 jackals
  3 kobolds
  A quokka (D:3)
  6 frilled lizards
  14 goblins
  5 rats
92 creatures vanquished.

Notes
Turn   | Place    | Note
-------+----------+-------------------------------------------
     0 | D:1      | Gelion the Deep Elf Conjurer began the quest for the Orb.
     0 | D:1      | Reached XP level 1. HP: 10/10 MP: 6/6
   246 | D:1      | Reached XP level 2. HP: 16/16 MP: 1/8
   744 | D:1      | Reached XP level 3. HP: 14/20 MP: 6/9
   888 | D:1      | Found a faded altar of an unknown god.
  1342 | D:2      | Reached skill level 1 in Fighting
  1347 | D:2      | Reached skill level 5 in Conjurations
  1454 | D:2      | Noticed Natasha
  1458 | D:2      | Killed Natasha
  1459 | D:2      | Reached XP level 4. HP: 25/25 MP: 6/11
  1462 | D:2      | Learned a level 2 spell: Searing Ray
  1531 | D:2      | Noticed Natasha
  1533 | D:2      | Killed Natasha
  1680 | D:2      | Noticed Natasha
  1685 | D:2      | Killed Natasha
  1686 | D:2      | Reached XP level 5. HP: 23/29 MP: 4/13
  2384 | D:3      | Learned a level 4 spell: Iskenderun's Mystic Blast
  2659 | D:3      | Found Muely's Weapon Shoppe.
  3084 | D:4      | Noticed a black bear
  3091 | D:4      | Killed a black bear
  3091 | D:4      | Noticed Edmund
  3092 | D:4      | Reached skill level 1 in Fire Magic
  3092 | D:4      | Reached XP level 6. HP: 35/35 MP: 5/14
  3240 | D:4      | Reached skill level 6 in Conjurations
  3240 | D:4      | Noticed Robin
  3247 | D:4      | Killed Robin
  3632 | D:4      | Slain by Edmund

Illustrated notes

Levels and vault maps discovered:
D:1:      wheals_arrival_shading, layout_basic, shapermc_ecumenical_altar_petra,
          nicolae_grassy_gnolls
D:2:      layout_rooms, chequers_serial_rivers_room_a, uniq_natasha
D:3:      layout_rooms, serial_shops, shop
D:4:      layout_cave_pods, chequers_mini_garden, uniq_edmund, uniq_robin

Skill      XL: |  1  2  3  4  5  6 |
---------------+-------------------+-----
Stealth        | 3 4 |  4.0
Fighting       | 1 2 |  2.1
Dodging        | 3 |  3.9
Conjurations   | 5 6 |  6.1
Spellcasting   | 4 |  4.7
Fire Magic     | 1 |  1.2

Action                   |  1- 3 |  4- 6 || total
-------------------------+-------+-------++-------
Melee: Quarterstaff      |       |    14 ||    14
 Cast: Magic Dart        |    71 |    91 ||   162
       Searing Ray       |       |    14 ||    14
Armor: Robe              |     3 |     9 ||    12
Dodge: Dodged            |     6 |    26 ||    32
